 Dungeon Crawl Stone Soup version 0.31-a0-236-g9a0961fb85 (webtiles) character file.

Game seed: 2565116844742831339

125 qw the Shooter (level 4, -3/37 HPs)
             Began as a Minotaur Hexslinger on July 10, 2023.
             Slain by Pargi (4 damage)
             ... on level 3 of the Dungeon.
             The game lasted 00:00:44 (2706 turns).

qw the Shooter (Minotaur Hexslinger)                Turns: 2706, Time: 00:00:44

Health: -3/37      AC:  4    Str: 12    XL:     4   Next: 82%
Magic:  4/4        EV: 12    Int: 10    God:
Gold:   139        SH:  5    Dex: 15    Spells: 4/5 levels left

rFire   + + .        Y - +2 sling
rCold   . . .        (no shield)
rNeg    . . .        g - +1 leather armour {rF+}
rPois   .            (helmet restricted)
rElec   .            (no cloak)
rCorr   .            (no gloves)
SInv    .            (no boots)
Will    .....        e - amulet of reflection
Stlth   +            a - ring of protection from fire
HPRegen 0.26/turn    (no ring)
MPRegen 0.09/turn

%: reflection
@: no status effects
A: horns 2, retaliatory headbutt
a: no special abilities


You were on level 3 of the Dungeon.
You visited 1 branch of the dungeon, and saw 3 of its levels.

You collected 139 gold pieces.


Innate Abilities, Weirdness & Mutations

You have a pair of horns on your head.
You reflexively headbutt those who attack you in melee.


   Skills:
 + Level 2.9 Fighting
 - Level 5.0 Ranged Weapons
 - Level 2.1 Dodging
 - Level 1.0 Spellcasting
 - Level 2.0 Hexes


You had 4 spell levels left.
You knew the following spells:

 Your Spells              Type           Power      Damage    Failure   Level
a - Slow                  Hex            16%        N/A       19%         1

Your spell library contained the following spells:

 Spells                   Type           Power      Damage    Failure   Level
 Inner Flame              Hex/Fire       2%         N/A       65%         3
 Portal Projectile        Hex/Tloc       4%         N/A       65%         3
 Cause Fear               Hex            2%         N/A       88%         4

Inventory:

Hand Weapons
 Y - a +2 sling (weapon)
Armour
 g - a +1 leather armour of fire resistance (worn)
Jewellery
 a - a ring of protection from fire (left hand)
 e - an amulet of reflection (around neck)
Scrolls
 i - 3 scrolls of noise {unknown}
 k - a scroll of teleportation {unknown}
 l - a scroll of revelation {unknown}
Potions
 b - a potion of degeneration {unknown}
 c - a potion of might {unknown}
 d - a potion of resistance {unknown}
 f - a potion of haste
 h - a potion of heal wounds {unknown}
 j - a potion of lignification {unknown}

Dungeon Overview and Level Annotations

Branches:
Dungeon (3/15)

Altars:

Annotations:
D:3 Pargi


Message History

Pargi is lightly wounded.
Pargi bites you!
Pargi barely misses you. x2; Pargi bites you.
Pargi claws you but does no damage. Pargi claws you.
You shoot a sling bullet. The sling bullet hits Pargi.
Pargi is lightly wounded.
Pargi bites you but does no damage. Pargi closely misses you.
Pargi barely misses you.
You shoot a sling bullet. The sling bullet closely misses Pargi.
You block Pargi's attack. Pargi claws you but does no damage.
Pargi closely misses you.
You shoot a sling bullet. The sling bullet hits Pargi.
Pargi is moderately wounded.
Pargi clenches his claws.
You block Pargi's attack. Pargi barely misses you.
Pargi claws you but does no damage.
You shoot a sling bullet. The sling bullet hits Pargi.
Pargi is moderately wounded.
Pargi barely misses you. Pargi claws you. Pargi misses you.
You shoot a sling bullet. The sling bullet hits Pargi.
Pargi is moderately wounded.
Pargi bites you but does no damage. Pargi closely misses you. Pargi claws you.
You shoot a sling bullet. The sling bullet closely misses Pargi.
Pargi bites you. Pargi completely misses you.
Pargi claws you but does no damage. Pargi bites you. You block Pargi's attack.
Pargi closely misses you.
You shoot a sling bullet. The sling bullet hits Pargi.
Pargi is moderately wounded.
You block Pargi's attack. Pargi barely misses you. x2
You shoot a sling bullet. The sling bullet hits Pargi.
Pargi is moderately wounded.
Pargi closely misses you. You furiously retaliate!
You headbutt Pargi. You block Pargi's attack. Pargi misses you.
You shoot a sling bullet. The sling bullet hits Pargi.
Pargi is heavily wounded.
You block Pargi's attack. Pargi claws you. Pargi claws you but does no damage.
You shoot a sling bullet. The sling bullet hits Pargi!
Pargi is severely wounded.
Pargi bites you. You block Pargi's attack. Pargi barely misses you.
Pargi bites you.
You die...

#.......##
._####.......##
#............##
#######........##
#....##........##
#....##.#########
# #....##..###
#.##....###...#
#.T@....#
###.#####
#.##....#
#.....## # #....#
#####... #....#
#### #:..>#
#....# #....#
######## ##'###
#....... #.#
#..%....


You could see Pargi.

Vanquished Creatures
  Terence (D:3)
  An orc wizard (D:3)
  An adder (D:2)
  A worm (D:3)
  2 dart slugs (D:1)
  2 orcs (D:3)
  5 endoplasms
  3 giant cockroaches
  7 goblins
  9 hobgoblins
  6 jackals
  3 kobolds
  2 quokkas (D:1)
  4 ball pythons
  A frilled lizard (D:1)
  4 rats
52 creatures vanquished.

Notes
Turn   | Place    | Note
-------+----------+-------------------------------------------
     0 | D:1      | qw the Minotaur Hexslinger began the quest for the Orb.
     0 | D:1      | Reached XP level 1. HP: 16/16 MP: 1/1
     0 | D:1      | 0 ||| qw: Version: 0.3-a-52-g30416fa
     0 | D:1      | 0 ||| qw: Game counter: 4707
     0 | D:1      | 0 ||| qw: Melee chars always use a shield: true
     0 | D:1      | 0 ||| qw: God list: Okawaru
     0 | D:1      | 0 ||| qw: Allow faded altars: false
     0 | D:1      | 0 ||| qw: Do Orc after clearing Dungeon:15 true
     0 | D:1      | 0 ||| qw: Do second Lair branch before Depths: true
     0 | D:1      | 0 ||| qw: Lair rune preference: random
     0 | D:1      | 0 ||| qw: Goals: Normal
     0 | D:1      | 0 ||| PLANNING D:1-11
   157 | D:1      | Reached skill level 3 in Ranged Weapons
   157 | D:1      | Reached XP level 2. HP: 23/23 MP: 2/2
   776 | D:1      | Reached XP level 3. HP: 29/29 MP: 3/3
   902 | D:1      | 902 ||| UPGRADING to +1 leather armour of fire resistance.
   912 | D:1      | 912 ||| DROPPING +0 robe.
   913 | D:1      | 913 ||| READING scroll labelled VIDAOXK ITEG.
   914 | D:1      | 914 ||| READING scroll labelled ZILIACAJIZ.
   915 | D:1      | 915 ||| DRINKING 2 glowing sapphire potions.
   916 | D:1      | 916 ||| DROPPING scroll of poison.
  1021 | D:2      | Reached skill level 4 in Ranged Weapons
  1902 | D:2      | 1902 ||| UPGRADING to amulet of reflection.
  1907 | D:2      | 1907 ||| UPGRADING to ring of protection from fire.
  1908 | D:2      | 1908 ||| DROPPING +6 ring of intelligence.
  1952 | D:3      | Noticed Terence
  1960 | D:3      | Killed Terence
  1961 | D:3      | Reached XP level 4. HP: 36/36 MP: 4/4
  2147 | D:3      | Found a faded altar of an unknown god.
  2311 | D:3      | Reached skill level 5 in Ranged Weapons
  2689 | D:3      | Noticed Pargi
  2702 | D:3      | HP: 9/37 [Pargi (3)]
  2702 | D:3      | HP: 4/37 [Pargi (5)]
  2706 | D:3      | HP: 1/37 [Pargi (2)]
  2706 | D:3      | Slain by Pargi

Levels and vault maps discovered:
D:1:      lightli_arrival_noodles, layout_basic
D:2:      layout_basic
D:3:      layout_basic, basic_ecumenical_altar, uniq_terence, uniq_pargi

Skill      XL: |  1  2  3  4 |
---------------+-------------+-----
Ranged Weapons | 3 4 5 |  5.0
Fighting       | 2 |  2.9
Dodging        | |  2.1
Spellcasting   | |  1.0
Hexes          | |  2.0

Action                     |  1- 3 |  4- 6 || total
---------------------------+-------+-------++-------
   Fire: Sling             |   101 |    64 ||   165
    Use: Scroll            |     2 |       ||     2
         Potion            |     1 |       ||     1
 Armour: Leather armour    |    11 |    22 ||    33
  Dodge: Dodged            |    14 |    30 ||    44
  Block: Other             |       |    12 ||    12

Table legend:
 A = Non-vault XP
 B = Vault XP
 C = Vault XP percentage of total XP
 D = Non-vault monster count
 E = Vault monster count
 F = Vault count percentage of total count
                 A         B        C        D         E       F
            +---------+---------+-------+---------+---------+-------
      Total |     143 |      36 |  20.1 |      51 |       1 |   1.9
            +---------+---------+-------+---------+---------+-------
        D:1 |      43 |       0 |   0.0 |      23 |       0 |   0.0
        D:2 |      33 |       0 |   0.0 |      12 |       0 |   0.0
        D:3 |      67 |      36 |  35.0 |      16 |       1 |   5.9
            +---------+---------+-------+---------+---------+-------
